 Dungeon Crawl Stone Soup version 0.22-a0 (webtiles) character file.

117 Zhaine the Ruffian (level 5, -4/30 HPs)
             Began as a Gargoyle Transmuter on Dec 30, 2017.
             Killed by divine providence
             ... invoked by an orc priest
              (12 damage)
             ... on level 3 of the Dungeon on Dec 31, 2017.
             The game lasted 00:31:59 (3303 turns).

Zhaine the Ruffian (Gargoyle Transmuter)            Turns: 3303, Time: 00:31:59

Health: -4/30      AC:  7    Str: 15    XL:     5   Next: 1%
Magic:  8/8        EV: 11    Int: 13    God:
Gold:   146        SH:  0    Dex: 10    Spells: 3/9 levels left

rFire    . . .     SeeInvis .     - Unarmed
rCold    . . .     Gourm    .   (no shield)
rNeg     + . .     Faith    .   e - +0 leather armour
rPois    ∞         Spirit   .   (no helmet)
rElec    +         Reflect  .   n - scarf {cloud immunity}
rCorr    .         Harm     .   (no gloves)
MR       .....                  (no boots)
Stlth    +.........             (no amulet)
HPRegen  0.10/turn              b - ring of flight
MPRegen  0.11/turn              h - ring of wizardry

@: appendage (expiring)
A: horns 2, negative energy resistance 1, electricity resistance, unbreathing,
petrification resistance, rot immunity, AC +4
a: End Transformation, Evoke Flight


You were on level 3 of the Dungeon.
You were not hungry.
You had grown temporary horns.
You visited 1 branch of the dungeon, and saw 3 of its levels.

You collected 146 gold pieces.

Inventory:

Missiles
 a - 12 arrows
Armour
 e - a +0 leather armour (worn)
 n - a scarf of cloud immunity (worn)
Jewellery
 b - a ring of flight (left hand)
 h - a ring of wizardry (right hand)
Scrolls
 i - 3 scrolls of remove curse
 m - a scroll of identify
Potions
 f - a potion of might
 g - 2 potions of invisibility {unknown}
 j - 3 potions of mutation
 k - a potion of heal wounds {unknown}
 l - a potion of ambrosia {unknown}
 o - 2 potions of haste {unknown}
 p - a potion of degeneration {unknown}
 q - a potion of flight {unknown}
Books
 c - a book of Changes

   Spells                             Type                      Level
   a - Beastly Appendage              Transmutation                1
   b - Sticks to Snakes               Transmutation                2
   c - Spider Form                    Transmutation/Poison         3
   d - Ice Form                       Ice/Transmutation            4
   e - Blade Hands                    Transmutation                5
Comestibles
 d - 9 rations


   Skills:
 + Level 2.1 Fighting
 + Level 1.8 Armour
 - Level 1.5 Dodging
 + Level 1.7 Stealth
 + Level 3.5 Unarmed Combat
 + Level 2.6 Spellcasting
 + Level 2.1 Transmutations


You had 3 spell levels left.
You knew the following spells:

 Your Spells              Type           Power        Failure   Level  Hunger
a - Beastly Appendage     Tmut           #.....       4%          1    #......
b - Sticks to Snakes      Tmut           #.......     8%          2    ###....
c - Spider Form           Tmut/Pois      #.........   22%         3    ###....


Dungeon Overview and Level Annotations

Branches:
Dungeon (3/15)

Altars:
Beogh


Innate Abilities, Weirdness & Mutations

You are resistant to torment.
Your stone body is resilient. (AC +4)
You are immune to poison.
You resist negative energy. (rN+)
You are resistant to electric shocks. (rElec)
You can survive without breathing.
You are immune to petrification.
You are immune to rotting.
You have a pair of horns on your head.


Message History

The orc priest is moderately wounded.
You closely miss the orc priest.
You punch the orc priest, but do no damage.
The orc priest is moderately wounded.
The orc priest hits you with a mace.
* * * LOW HITPOINT WARNING * * *
You barely miss the orc priest.
The orc priest is moderately wounded.
The orc priest begins to cast a cantrip, but forgets the words!
You hit the orc priest but do no damage.
The orc priest is moderately wounded.
The orc priest miscasts a cantrip.
You hit the orc priest but do no damage.
The orc priest is moderately wounded.
The orc priest misses you.
You barely miss the orc priest. You headbutt the orc priest.
The orc priest is heavily wounded.
The orc priest calls down the wrath of Beogh upon you.
Beogh smites you!
You die...

.###.#.#.####
##o.# #.# #..#
.# #.........
....###.####..#
## #o##...###
#... .........#
#.o.##..#
#..####.####.##
#$8.8$#..#
##............#
#.$...#....
...####.######
#.8.8$# ####
##.#.####.#
##._$##
#o###.....#
#####
##@#.######
##.## ###


You could see an orc priest.

Vanquished Creatures
  An orc priest (D:3)
  2 adders
  An ooze (D:1)
  5 worms
  3 dart slugs (D:2)
  2 leopard geckos (D:3)
  3 orcs (D:3)
  2 giant cockroaches (D:1)
  3 goblins (D:2)
  4 hobgoblins (D:2)
  4 jackals
  A ball python (D:2)
  3 frilled lizards
  5 kobolds
  6 rats
45 creatures vanquished.

Notes
Turn   | Place    | Note
-------+----------+-------------------------------------------
     0 | D:1      | Zhaine the Gargoyle Transmuter began the quest for the Orb.
     0 | D:1      | Reached XP level 1. HP: 12/12 MP: 3/3
   241 | D:1      | Reached XP level 2. HP: 14/16 MP: 5/5
   245 | D:1      | Learned a level 2 spell: Sticks to Snakes
  1207 | D:2      | Reached skill level 1 in Armour
  1207 | D:2      | Reached XP level 3. HP: 14/20 MP: 4/6
  1407 | D:2      | Reached skill level 1 in Stealth
  1543 | D:2      | Upgraded the game from 0.21-a0-641-geef9d7f to 0.22-a0
  2140 | D:2      | Reached XP level 4. HP: 23/26 MP: 5/7
  2203 | D:2      | Learned a level 3 spell: Spider Form
  2236 | D:3      | Found a roughly hewn altar of Beogh.
  3151 | D:3      | Reached XP level 5. HP: 23/30 MP: 8/8
  3303 | D:3      | Killed from afar by an orc priest

Vault maps used:
D:1:      dpeg_chamrin_arrival_tetris, minmay_misc_feat_more_columns,
          hangedman_abyss_or_decor_lesser_grid
D:2:      first_ration
D:3:      kennysheep_orc_chapel

Skill      XL: |  1  2  3  4 |
---------------+-------------+-----
Armour         | 1 |  1.8
Stealth        | 1 |  1.7
Transmutations | 2 |  2.1
Fighting       | 2 |  2.1
Dodging        | |  1.5
Unarmed Combat | |  3.5
Spellcasting   | |  2.6

Action                   |  1- 3 |  4- 6 || total
-------------------------+-------+-------++-------
Melee: Unarmed           |   114 |    79 ||   193
       Kick              |    12 |     5 ||    17
       Headbutt          |     3 |     2 ||     5
       Punch             |     1 |     1 ||     2
 Cast: Beastly Appendage |    18 |    10 ||    28
  Use: Scroll            |     3 |     5 ||     8
 Stab: Sleeping          |     1 |       ||     1
  Eat: Chunk             |     4 |     4 ||     8
Armor: Leather armour    |    24 |    30 ||    54
Dodge: Dodged            |    40 |    39 ||    79

Table legend:
 A = Spawn XP
 B = Non-spawn XP
 C = Spawn XP percentage of total XP
 D = Spawn monster count
 E = Non-spawn monster count
 F = Spawn count percentage of total count
 G = Total turns spent on level
                    A         B        C        D         E        F      G
               +---------+---------+-------+---------+---------+-------+---------
         Total |       0 |     168 |   0.0 |       0 |      45 |   0.0 |  3303
               +---------+---------+-------+---------+---------+-------+---------
           D:1 |       0 |      16 |   0.0 |       0 |       8 |   0.0 |   829
           D:2 |       0 |      67 |   0.0 |       0 |      24 |   0.0 |  1719
           D:3 |       0 |      85 |   0.0 |       0 |      13 |   0.0 |   755
               +---------+---------+-------+---------+---------+-------+---------
